 Dungeon Crawl Stone Soup version 0.24.0-125-gc4c63601f3 (webtiles) character file.

Game seed: 11335041462657936233, levelgen mode: deterministic

154 straycat the Skirmisher (level 5, -1/43 HPs)
             Began as a Vampire Gladiator on Mar 11, 2020.
             Slain by an orc
             ... wielding a cursed +0 hand axe
              (6 damage)
             ... on level 3 of the Dungeon.
             The game lasted 00:12:34 (2210 turns).

straycat the Skirmisher (Vampire Gladiator)         Turns: 2210, Time: 00:12:35

Health: -1/43      AC: 13    Str: 14    XL:     5   Next: 13%
Magic:  5/5        EV: 12    Int: 10    God:
Gold:   231        SH:  0    Dex: 16    Spells: 4/4 levels left

rFire    . . .     SeeInvis +   u - +2 dagger (protect)
rCold    + . .     Gourm    .   (no shield)
rNeg     . . .     Faith    .   h - +0 ring mail
rPois    .         Spirit   .   b - +0 helmet
rElec    .         Reflect  .   (no cloak)
rCorr    .         Harm     .   (no gloves)
MR       .....                  (no boots)
Stlth    +.........             (no amulet)
HPRegen  0.34/turn              r - ring of protection from cold
MPRegen  0.09/turn              (no ring)

@: lethally poisoned (-1 -> -1), protection aura, regenerating quickly
A: no food, fangs 3, see invisible, unbreathing
a: Exsanguinate


You were on level 3 of the Dungeon.
You were alive.

You visited 1 branch of the dungeon, and saw 4 of its levels.

You collected 231 gold pieces.

Inventory:

Hand Weapons
 u - a +2 dagger of protection (weapon)
 y - a +0 falchion
 A - a +0 trident
Armour
 a - a +0 leather armour
 b - a +0 helmet (worn)
 f - a +0 shield
 h - a +0 ring mail (worn)
 n - a +0 scale mail
Jewellery
 r - a ring of protection from cold (left hand)
 x - an uncursed amulet of faith
Wands
 k - a wand of paralysis (11)
 o - a wand of polymorph (17)
 z - a wand of digging (6)
Scrolls
 e - 6 scrolls of remove curse {unknown}
 g - 3 scrolls of amnesia {unknown}
 i - 3 scrolls of identify {unknown}
 l - 2 scrolls of teleportation {unknown}
 m - a scroll of immolation {unknown}
 s - a scroll of enchant weapon {unknown}
 v - a scroll of enchant armour {unknown}
Potions
 j - 2 potions of magic {unknown}
 p - a potion of brilliance {unknown}
 q - 3 potions of curing {unknown}
 w - a potion of haste {unknown}


   Skills:
 + Level 4.9 Fighting
 - Level 1.5 Throwing
 - Level 3.2 Dodging
 - Level 3.2 Unarmed Combat


You had 4 spell levels left.
You didn't know any spells.
Your spell library was empty.

Dungeon Overview and Level Annotations

Branches:
Dungeon (4/15)
 Temple: D:4-7

Altars:
Vehumet


Innate Abilities, Weirdness & Mutations

You do not eat.
Your natural rate of healing is unusually fast.
You have razor-sharp teeth.
You have supernaturally acute eyesight. (SInv)
You can survive without breathing.


Message History

* * * LOW HITPOINT WARNING * * *
You barely miss the orc. The orc hits you but does no damage.
You hit the orc but do no damage.
You feel sick.
The orc hits you with a cursed +0 hand axe.
* * * LOW HITPOINT WARNING * * *
You barely miss the orc. You bite the orc, but do no damage.
The orc closely misses you.
You barely miss the orc. You bite the orc.
The orc is lightly wounded.
You hit the orc.
The orc is heavily wounded.
The orc hits you with a cursed +0 hand axe.
* * * LOW HITPOINT WARNING * * *
You hit the orc.
The orc is heavily wounded.
You feel sick. The orc barely misses you.
You hit the orc.
The orc is severely wounded.
The orc hits you with a cursed +0 hand axe.
You die...

####.†..##...#####..........#
##.......###.................#
.............................#
.....>.######................#
..♣...## #................#
.♣≈≈.P.######................#
≈P≈.≈≈......#................#
≈≈≈≈.≈♣..........#############
.≈≈≈≈≈......#..#@#
≈.≈≈≈≈......#..#o#
≈≈≈≈≈.......#..#o###
≈≈≈≈♣≈P.....#..#..>#
≈.≈≈≈.......#..#.†.#
≈≈≈≈≈P.........#...#
P≈≈≈...........#...#
...P...............#
...............#...##########


You could see 2 orcs.

Vanquished Creatures
  A worker ant (D:3)
  A hound zombie (D:2)
  A gnoll (D:3)
  3 adders (D:3)
  An ooze (D:2)
  2 worms
  2 dart slugs
  5 leopard geckos
  4 orcs
  2 giant cockroaches
  3 goblins
  3 hobgoblins
  5 jackals (D:1)
  5 kobolds
  2 ball pythons
  12 bats
  A frilled lizard (D:2)
  A giant cockroach zombie (D:3)
  A quokka zombie (D:3)
  8 rats
63 creatures vanquished.

Notes
Turn   | Place    | Note
-------+----------+-------------------------------------------
     0 | D:1      | straycat the Vampire Gladiator began the quest for the Orb.
     0 | D:1      | Reached XP level 1. HP: 16/16 MP: 1/1
    71 | D:1      | Reached skill level 2 in Fighting
   190 | D:1      | Reached XP level 2. HP: 23/23 MP: 2/2
   385 | D:1      | Reached skill level 3 in Fighting
   601 | D:1      | Reached XP level 3. HP: 29/29 MP: 3/3
   868 | D:2      | Found a radiant altar of Vehumet.
  1599 | D:3      | Reached skill level 4 in Fighting
  1599 | D:3      | Reached XP level 4. HP: 35/37 MP: 4/4
  2196 | D:3      | Reached XP level 5. HP: 10/43 MP: 5/5
  2210 | D:3      | Slain by an orc

Levels and vault maps discovered:
D:1:      scummos_arrival_simple_fountains, layout_basic, st_stairs_13
D:2:      layout_loops_ring, vehumet_crystals, minmay_heptomino_w4
D:3:      layout_rooms, serial_bayou_pond_b
D:4:      layout_gridville, kennysheep_mini, minmay_temple_entry_junction

Skill      XL: |  1  2  3 |
---------------+----------+-----
Fighting       | 2 3 4 |  4.9
Throwing       | |  1.5
Dodging        | |  3.2
Unarmed Combat | |  3.2

Action                   |  1- 3 |  4- 6 || total
-------------------------+-------+-------++-------
Melee: Spear             |   164 |    27 ||   191
       Bite              |    10 |    15 ||    25
       Punch             |     2 |     1 ||     3
       Dagger            |       |    81 ||    81
Throw: Throwing net      |       |     3 ||     3
Armor: Leather armour    |    33 |       ||    33
       Ring mail         |    24 |    42 ||    66
Dodge: Dodged            |   129 |    93 ||   222
Block: Shield            |     5 |       ||     5
